 Dungeon Crawl Stone Soup version 0.29.1-2-gbd0b4ee654 (webtiles) character file.

Game seed: 4237396449310959122

58 jamesblauser the Chopper (level 4, -1/40 HPs)
             Began as a Hill Orc Monk on Nov 5, 2022.
             Slain by a gnoll
             ... wielding a +0 spear
              (2 damage)
             ... on level 2 of the Dungeon.
             The game lasted 00:09:05 (2278 turns).

jamesblauser the Chopper (Hill Orc Monk)            Turns: 2278, Time: 00:09:06

Health: -1/40      AC:  4    Str: 15    XL:     4   Next: 1%
Magic:  0/4        EV: 12    Int: 10    God:
Gold:   50         SH:  0    Dex: 13    Spells: 2/3 levels left

rFire   . . .      SeeInvis .   a - +0 hand axe
rCold   . . .      Faith    .   (no shield)
rNeg    . . .      Spirit   .   d - +0 leather armour
rPois   .          Reflect  .   j - +0 helmet
rElec   .          Harm     .   (no cloak)
rCorr   .          Rampage  .   (no gloves)
Will    .....                   (no boots)
Stlth   ++........              (no amulet)
HPRegen 0.13/turn               (no ring)
MPRegen 0.09/turn               (no ring)

@: no status effects
A: no striking features
a: no special abilities


You were on level 2 of the Dungeon.
You visited 1 branch of the dungeon, and saw 2 of its levels.

You collected 50 gold pieces.

Inventory:

Hand Weapons
 a - a +0 hand axe (weapon)
 g - a +0 dagger of venom
Armour
 b - a +0 robe
 d - a +0 leather armour (worn)
 j - a +0 helmet (worn)
Jewellery
 h - a ring of resist corrosion
 i - a ring of see invisible
Scrolls
 c - 2 scrolls of teleportation
 f - a scroll of immolation
Potions
 e - a potion of berserk rage
 k - a potion of curing


   Skills:
 + Level 4.1 Fighting
 + Level 5.1 Axes
 + Level 1.0 Armour
 + Level 2.8 Dodging
 + Level 1.6 Stealth
 + Level 0.1 Poison Magic


You had 2 spell levels left.
You knew the following spells:

 Your Spells              Type           Power      Damage    Failure   Level
a - Sting                 Tmut/Pois      0%         1d3       43%         1

Your spell library contained the following spells:

 Spells                   Type           Power      Damage    Failure   Level
 Ensorcelled Hibernation  Hex/Ice        0%         N/A       56%         2
 Passwall                 Tmut/Erth      0%         N/A       56%         2
 Poisonous Vapours        Pois/Air       0%         N/A       56%         2
 Dazzling Flash           Conj/Hex       0%         N/A       80%         3
 Swiftness                Air            0%         N/A       80%         3
 Iskenderun's Mystic Bla  Conj/Tloc      0%         2d3       99%         4
 Olgreb's Toxic Radiance  Pois           0%         N/A       99%         4
 Starburst                Conj/Fire      0%         6d3       100%        6


Dungeon Overview and Level Annotations

Branches:
Dungeon (2/15)

Altars:

Shops:
D:1 (


Message History

Press: ? - help, Q - select action Shift-Dir - straight line, f - gnoll
Aim: a gnoll, wielding a +0 whip (moderately wounded, 69% to hit)
The sting hits the gnoll but does no damage.
The gnoll is poisoned.
The gnoll is moderately wounded.
The gnoll closely misses you. The gnoll barely misses you.
The gnoll hits you with a +0 whip. The gnoll hits you with a +0 spear.
Things that are here:
a +0 whip; a scroll labelled TUSMOGH ZIUG You hit the gnoll.
The gnoll is lightly wounded.
You hit the gnoll but do no damage. The gnoll hits you but does no damage.
The gnoll hits you with a +0 spear.
You hit the gnoll but do no damage.
The gnoll is lightly wounded.
You barely miss the gnoll. The gnoll barely misses you.
The gnoll hits you with a +0 spear.
You barely miss the gnoll.
The gnoll is lightly wounded.
You closely miss the gnoll. The gnoll hits you with a +0 whip.
* * * LOW HITPOINT WARNING * * *
The gnoll completely misses you.
You hit the gnoll but do no damage.
The gnoll is lightly wounded.
You hit the gnoll. The gnoll barely misses you.
The gnoll hits you with a +0 spear.
* * * LOW HITPOINT WARNING * * *
You closely miss the gnoll.
The gnoll is lightly wounded.
You hit the gnoll. The gnoll closely misses you. x2
Aiming: Sting (safe; 43% risk of failure)
Press: ? - help, Q - select action Shift-Dir - straight line, f - gnoll, p - gnoll
Aim: a gnoll, wielding a +0 spear (lightly wounded, 69% to hit)
The sting hits the gnoll.
The gnoll is poisoned.
The gnoll is moderately wounded.
The gnoll looks more healthy.
The gnoll barely misses you. The gnoll hits you with a +0 spear!
* * * LOW HITPOINT WARNING * * *
The gnoll attacks as you move away! The gnoll hits you with a +0 spear.
You die...

#........#...#..###......
###......###...###.......
#............###†######
#.†...#####..))†.##### ##.....#
#.#>.......## ### ###....#.#####
#.#..###... ..## #...##.#.#...
...##..##### ...#####.#.##.#.g.#
#.## ##...###
...........#...g@###..# ##...#
....#####.##...#..##.# #####.#
....##....#..........######......
....##.####...###.####......###..
....##....†.#.###..##..###### ###
...###................## ###
..###..###.)..####.#### ##..
#.....####.#### #..## ##..#
#....###...# ##..## ##..##


You could see 2 gnolls.

Vanquished Creatures
  A gnoll (D:2)
  An adder (D:2)
  A worm (D:2)
  2 dart slugs (D:2)
  An endoplasm (D:1)
  A giant cockroach (D:1)
  7 goblins
  2 hobgoblins
  2 kobolds (D:1)
  A quokka (D:2)
  5 ball pythons
  3 bats (D:1)
  9 rats
36 creatures vanquished.

Notes
Turn   | Place    | Note
-------+----------+-------------------------------------------
     0 | D:1      | jamesblauser the Hill Orc Monk began the quest for the Orb.
     0 | D:1      | Reached XP level 1. HP: 19/19 MP: 1/1
   497 | D:1      | Found Apsumoac's Weapon Shop.
   510 | D:1      | Reached XP level 2. HP: 27/27 MP: 2/2
  1769 | D:2      | Reached XP level 3. HP: 33/33 MP: 3/3
  2074 | D:2      | Learned a level 1 spell: Sting
  2101 | D:2      | Reached skill level 5 in Axes
  2270 | D:2      | Reached skill level 1 in Armour
  2270 | D:2      | Reached XP level 4. HP: 30/40 MP: 1/4
  2277 | D:2      | HP: 1/40 [gnoll/+0 spear (7)]
  2278 | D:2      | Slain by a gnoll

Illustrated notes

Levels and vault maps discovered:
D:1:      saegor_arrival_under_anarchy, layout_basic, serial_shops,
          nicolae_shop_bloodbath_and_beyond
D:2:      layout_rooms, chequers_ecumenical_altar_island

Skill      XL: |  1  2  3 |
---------------+----------+-----
Fighting       | 4 |  4.1
Axes           | 5 |  5.1
Armour         | 1 |  1.0
Dodging        | |  2.8
Stealth        | |  1.6
Poison Magic   | |  0.1

Action                   |  1- 3 |  4- 6 || total
-------------------------+-------+-------++-------
Melee: Hand axe          |    95 |     5 ||   100
       Punch             |     2 |       ||     2
 Cast: Sting             |     4 |     2 ||     6
  Use: Potion            |     2 |       ||     2
       Scroll            |     4 |       ||     4
 Stab: Sleeping          |     2 |       ||     2
Armor: Robe              |    11 |       ||    11
       Leather armour    |    12 |     1 ||    13
Dodge: Dodged            |    92 |     8 ||   100
